 Dungeon Crawl Stone Soup version 0.28-a0-863-g8cecda6153 (webtiles) character file.

Game seed: 14815932659393689794

2 Ijustatesigmund the Skirmisher (level 1, 0/18 HPs)
             Began as a Demonspawn Fighter on Nov 19, 2021.
             Slain by a quokka (2 damage)
             ... on level 1 of the Dungeon.
             The game lasted 00:00:22 (26 turns).

Ijustatesigmund the Skirmisher (Demonspawn Fighter)   Turns: 26, Time: 00:00:23

Health: 0/18       AC:  6    Str: 16    XL:     1   Next: 33%
Magic:  1/1        EV:  4    Int:  9    God:
Gold:   0          SH: 12    Dex: 12    Spells: 0/0 levels left

rFire   . . .      SeeInvis .   a - +0 war axe
rCold   . . .      Faith    .   c - +0 tower shield
rNeg    . . .      Spirit   .   b - +0 scale mail
rPois   .          Reflect  .   (no helmet)
rElec   .          Harm     .   (no cloak)
rCorr   .          Rampage  .   (no gloves)
Will    .....                   (no boots)
Stlth   ..........              (no amulet)
HPRegen 0.06/turn               (no ring)
MPRegen 0.07/turn               (no ring)

@: mighty
A: no striking features
a: no special abilities


You were on level 1 of the Dungeon.
You visited 1 branch of the dungeon, and saw 1 of its levels.

Inventory:

Hand Weapons
 a - a +0 war axe (weapon)
Armour
 b - a +0 scale mail (worn)
 c - a +0 tower shield (worn)


   Skills:
 + Level 3.0 Fighting
 + Level 1.8 Axes
 - Level 2.6 Armour
 + Level 2.7 Shields


You couldn't memorise any spells.
You didn't know any spells.
Your spell library was empty.

Dungeon Overview and Level Annotations

Branches:
Dungeon (1/15)

Altars:


Message History

You hit the hobgoblin but do no damage.
The hobgoblin is heavily wounded.
You barely miss the goblin.
Your scale mail prevents you from hitting the ball python.
You block the goblin's attack. The ball python bites you.
The ball python grabs you. The ball python constricts you.
The hobgoblin hits you but does no damage.
The goblin hits you but does no damage.
The ball python bites you but does no damage.
The ball python constricts you.
You feel very mighty all of a sudden. The hobgoblin hits you.
You block the ball python's attack. The ball python constricts you.
You block the goblin's attack.
You closely miss the ball python. You closely miss the hobgoblin.
You slash the goblin!
You kill the goblin!
You block the hobgoblin's attack. The ball python bites you.
The ball python constricts you.
The hobgoblin hits you but does no damage.
You block the ball python's attack. The ball python constricts you.
* * * LOW HITPOINT WARNING * * *
You block the quokka's attack.
You closely miss the ball python. You closely miss the quokka.
You closely miss the hobgoblin. You block the ball python's attack.
The ball python constricts you.
The quokka bites you but does no damage.
You block the hobgoblin's attack. The ball python barely misses you.
The ball python constricts you. The quokka bites you.
* * * LOW HITPOINT WARNING * * *
You block the hobgoblin's attack. You block the ball python's attack.
The ball python constricts you.
You slash the ball python!
You kill the ball python!
You slash the hobgoblin!
You kill the hobgoblin!
You closely miss the quokka.
The quokka bites you but does no damage.
You block the quokka's attack.
You closely miss the quokka. The quokka bites you.
You die...

...# ####
....######...#
.............#
....#.....#..#
....#.....#..#
....#.....#..#
....#)....#..##..
....#..<..#.....#
. #.#...†@#.# .
....#...†r#...#
....#.....#!.##
....#.....#.....
................
.................
####...##.......#
#... ......#.
#.#. ..S...


You could see a quokka.

Vanquished Creatures
  A hobgoblin (D:1)
  A ball python (D:1)
  A goblin (D:1)
3 creatures vanquished.

Notes
Turn   | Place    | Note
-------+----------+-------------------------------------------
     0 | D:1      | Ijustatesigmund the Demonspawn Fighter began the quest for
                  | the Orb.
     0 | D:1      | Reached XP level 1. HP: 18/18 MP: 1/1
    26 | D:1      | Slain by a quokka

Illustrated notes

Levels and vault maps discovered:
D:1:      minmay_arrival_semitransparent, layout_rooms,
          hellmonk_ecumenical_altar_crossroads, minmay_strange_pillars,
          grunt_decor_mini_mirrors, st_stairs_10, minmay_distorted

Action                   || total
-------------------------++-------
Melee: War axe           ||    10
  Use: Potion            ||     1
Armor: Scale mail        ||    11
Dodge: Dodged            ||     2
Block: Tower shield      ||    23

Table legend: (Time is in decaauts)
 A = Elapsed time spent in this place.
 B = Non-inter-level travel time spent in this place.
 C = Inter-level travel time spent in this place.
 D = Time resting spent in this place.
 E = Time spent auto-exploring this place.
 F = Levels seen in this place.
 G = Mean time per level.
                   A        B        C        D        E       F      G
               +--------+--------+--------+--------+--------+-----+--------+
         Total |     33 |     33 |      0 |      0 |      0 |   1 |   33.0 |
       Dungeon |     33 |     33 |      0 |      0 |      0 |   1 |   33.0 |
               +--------+--------+--------+--------+--------+-----+--------+

Top non-repeatable levels by time:
     D:1: 33 daAuts
